 Dungeon Crawl Stone Soup version 0.31-a0-1166-gae6a2ec (webtiles) character file.

Game seed: 14399845107282592356

152 PidgeyThePirate the Chiller (level 5, -1/45 HPs)
             Began as a Naga Ice Elementalist on Dec 9, 2023.
             Slain by Grinder (4 damage)
             ... on level 3 of the Dungeon.
             The game lasted 00:07:59 (3664 turns).

PidgeyThePirate the Chiller (Naga Ice Elementalist) Turns: 3664, Time: 00:08:01

Health: -1/45      AC:  6    Str:  7 (10) XL:     5   Next: 34%
Magic:  9/9        EV:  7    Int: 14 (16) God:
Gold:   218        SH:  0    Dex: 13 (15) Spells: 2/9 levels left

rFire   . . .        (no weapon)
rCold   . . .        (no shield)
rNeg    . . .        g - +0 ring mail
rPois   +            j - +0 helmet
rElec   .            (no cloak)
rCorr   .            q - +0 pair of gloves
SInv    +            (no barding)
Will    +....        (no amulet)
Stlth   ++           (no ring)
HPRegen 0.27/turn    (no ring)
MPRegen 0.11/turn

%: no passive effects
@: enlightened, flying, hasted, quick
A: AC +1, large, see invisible, deformed body, poison resistance, slowness 2,
spit poison 1, naga tail 1, agile 1, MP-powered wands
a: Spit Poison


You were on level 3 of the Dungeon.
You visited 1 branch of the dungeon, and saw 3 of its levels.

You collected 218 gold pieces.

Inventory:

Armour
 a - a +0 robe
 g - a +0 ring mail (worn)
 j - a +0 helmet (worn)
 q - a +0 pair of gloves (worn)
Scrolls
 d - a scroll of summoning {unknown}
 f - a scroll of blinking
 k - a scroll of immolation
 p - a scroll of revelation
 s - a scroll of enchant weapon
Potions
 b - a potion of magic
 h - a potion of mutation
 i - 3 potions of curing


   Skills:
 + Level 1.8 Fighting
 + Level 1.2 Armour
 + Level 1.6 Dodging
 + Level 3.1 Stealth
 + Level 2.8 Spellcasting
 + Level 5.2 Ice Magic


You had 2 spell levels left.
You knew the following spells:

 Your Spells              Type           Power      Damage    Failure   Level
a - Freeze                Ice            64%        1d7       9%          1
b - Frozen Ramparts       Ice            32%        1d5       26%         3
c - Ozocubu's Armour      Ice            16%        N/A       26%         3

Your spell library contained the following spells:

 Spells                   Type           Power      Damage    Failure   Level
 Summon Ice Beast         Ice/Summ       9%         N/A       95%         4
 Brom's Barrelling Bould  Conj/Erth      1%         2d3       100%        4
 Fireball                 Conj/Fire      0%         3d3       100%        5
 Iskenderun's Battlesphe  Conj           1%         2d6       100%        5
 Conjure Ball Lightning   Conj/Air       0%         3x3d6     100%        6
 Orb of Destruction       Conj           0%         9d5       100%        7


Dungeon Overview and Level Annotations

Branches:
Dungeon (3/15)

Altars:
Makhleb
Ru

Annotations:
D:3 1 runed translucent door, Crazy Yiuf, Grinder


Innate Abilities, Weirdness & Mutations

Your serpentine skin is tough. (AC +1)
You have supernaturally acute eyesight. (SInv)
Armour fits poorly on your strangely shaped body.
Your system is resistant to poisons. (rPois)
You cover ground very slowly.
You can spit poison.
You have a snake-like lower body.
You are agile. (Dex +4, Str/Int -1)
You expend magic power (3 MP) to strengthen your wands.


Message History

Grinder is lightly wounded.
Grinder says, "Mostly I couldn't keep them alive."
Grinder barely misses you.
You hit Grinder but do no damage.
Grinder is lightly wounded.
Grinder hits you.
You writhe in agony.
You hit Grinder but do no damage.
Grinder is lightly wounded.
You hit Grinder. You punch Grinder.
Grinder is lightly wounded.
Grinder gestures at you.
You easily resist.
You closely miss Grinder.
Grinder is lightly wounded.
Grinder says, "Don't move a muscle."
Grinder hits you but does no damage.
You closely miss Grinder.
Grinder is lightly wounded.
You hit Grinder but do no damage.
Grinder is lightly wounded.
Grinder hits you but does no damage.
You hit Grinder but do no damage.
Grinder is lightly wounded.
You hit Grinder but do no damage.
Grinder is lightly wounded.
Grinder hits you!
You writhe in agony.
You hit Grinder but do no damage.
Grinder is lightly wounded.
Grinder hits you.
* * * LOW HITPOINT WARNING * * *
You writhe in agony.
* * * LOW HITPOINT WARNING * * *
You closely miss Grinder.
Grinder is lightly wounded.
Grinder says, "Just stop there for a second..."
Grinder hits you.
* * * LOW HITPOINT WARNING * * *
You writhe in agony.
You die...
Grinder says, "Hey, I wasn't done torturing you yet!"

...)....#### #.#
........# ##### #.#
........# #.#.# #.#
#.......# #.#.# #.#
#.......# #.#.# #.#
#.......## #.#.# #.#
.........# #.#.# #.#
.#.......#####.#5# #.#
.##'####.#.....#@# #.#
###)####.#.#####.# #.# #
#.####.#.###.#.# #.#
###......#.###.#.#####.#
....######.............#
###.############.#######
# #...............#
#####################
....................#


You could see Grinder.

Vanquished Creatures
  Jessica (D:3)
  Terence (D:3)
  6 adders
  4 ball pythons
  5 bats
  5 endoplasms
  2 giant cockroaches
  7 goblins
  7 hobgoblins
  2 jackals (D:3)
  A quokka (D:3)
  3 frilled lizards (D:1)
  3 kobolds
  4 rats
51 creatures vanquished.

Notes
Turn   | Place    | Note
-------+----------+-------------------------------------------
     0 | D:1      | PidgeyThePirate the Naga Ice Elementalist began the quest
                  | for the Orb.
     0 | D:1      | Reached XP level 1. HP: 15/15 MP: 3/3
   297 | D:1      | Reached XP level 2. HP: 20/22 MP: 1/5
  1296 | D:2      | Reached XP level 3. HP: 28/28 MP: 2/6
  1300 | D:2      | Learned a level 3 spell: Frozen Ramparts
  2307 | D:3      | Reached skill level 1 in Fighting
  2337 | D:3      | Reached XP level 4. HP: 34/38 MP: 4/7
  2413 | D:3      | Noticed Terence
  2421 | D:3      | Killed Terence
  2422 | D:3      | Reached skill level 5 in Ice Magic
  2471 | D:3      | Learned a level 3 spell: Ozocubu's Armour
  2740 | D:3      | Found a sacrificial altar of Ru.
  2755 | D:3      | Noticed Jessica
  2761 | D:3      | Killed Jessica
  2762 | D:3      | Reached skill level 1 in Armour
  2762 | D:3      | Reached XP level 5. HP: 42/45 MP: 6/8
  2853 | D:3      | Found a runed translucent door.
  2854 | D:3      | Noticed Crazy Yiuf
  3149 | D:3      | Found a burning altar of Makhleb.
  3394 | D:3      | Noticed Grinder
  3406 | D:3      | Gained mutation: You are agile. (Dex +4, Str/Int -1)
                  | [potion of mutation]
  3406 | D:3      | Gained mutation: You expend magic power (3 MP) to
                  | strengthen your wands. [potion of mutation]
  3625 | D:3      | Paralysed by Grinder for 3 turns
  3664 | D:3      | Slain by Grinder

Illustrated notes

Levels and vault maps discovered:
D:1:      moated_graveyard_arrival, layout_loops_corners, minmay_cupped
D:2:      layout_basic
D:3:      layout_basic, mainiacjoe_overflow_swirl, grunt_ministairs_8,
          supply_closet_lemuel, uniq_grinder, uniq_terence,
          uniq_crazy_yiuf_cottage, uniq_jessica

Skill      XL: |  1  2  3  4 |
---------------+-------------+-----
Fighting       | 1 |  1.8
Ice Magic      | 5 |  5.2
Armour         | 1 |  1.2
Dodging        | |  1.6
Stealth        | |  3.1
Spellcasting   | |  2.8

Action                     |  1- 3 |  4- 6 || total
---------------------------+-------+-------++-------
  Melee: Unarmed           |    15 |    39 ||    54
         Punch             |       |     3 ||     3
   Cast: Freeze            |    51 |    24 ||    75
         Frozen Ramparts   |       |     2 ||     2
         Ozocubu's Armour  |       |     1 ||     1
    Use: Potion            |       |     7 ||     7
         Scroll            |       |     6 ||     6
 Armour: Robe              |    20 |       ||    20
         Ring mail         |    23 |    33 ||    56
  Dodge: Dodged            |    37 |    23 ||    60

Table legend: (Time is in decaauts)
 A = Elapsed time spent in this place.
 B = Non-inter-level travel time spent in this place.
 C = Inter-level travel time spent in this place.
 D = Time resting spent in this place.
 E = Time spent auto-exploring this place.
 F = Levels seen in this place.
 G = Mean time per level.
                   A        B        C        D        E       F      G
               +--------+--------+--------+--------+--------+-----+--------+
         Total |   4644 |   4424 |    220 |      0 |   3921 |   3 | 1548.0 |
       Dungeon |   4644 |   4424 |    220 |      0 |   3921 |   3 | 1548.0 |
               +--------+--------+--------+--------+--------+-----+--------+

Top non-repeatable levels by time:
     D:3: 1710 daAuts
     D:1: 1639 daAuts
     D:2: 1294 daAuts
